 Dungeon Crawl Stone Soup version bcrawl-1.27.5 (webtiles) character file.

Game seed: 8334452846321567330

185912 Faustar the Shield-Bearer (level 8, -1/48 HPs)
             Began as a Gargoyle Fighter on Aug 16, 2020.
             Slain by an orc warrior
             ... wielding a +0 glaive
              (13 damage)
             ... on level 6 of the Dungeon.
             The game lasted 00:07:38 (5587 turns).

Faustar the Shield-Bearer (Gargoyle Fighter)        Turns: 5587, Time: 00:07:38

Health: -1/48      AC: 18    Str: 26    XL:     8   Next: 11%
Magic:  0/0        EV:  5    Int:  9    God:
Gold:   155        SH: 10    Dex:  9    Spells: 7/7 levels left

rFire    . . .     SeeInvis .   a - +0 flail
rCold    + . .     Gourm    .   c - +0 medium shield
rNeg     + . .     Faith    .   y - +3 chain mail of the Storm King {rPois rC+ MR++ Stlth-}
rPois    ∞         Spirit   .   (no helmet)
rElec    +         Reflect  .   (no cloak)
rCorr    .         Harm     .   (no gloves)
MR       ++++.                  (no boots)
Stlth    ..........             (no amulet)
HPRegen  0.16/turn              h - ring of Moddul {MR++ MP-9 Stlth--} (curse)
MPRegen  0.07/turn              j - ring of Wariness {+Fly Str+4}

@: no status effects
A: negative energy resistance 1, electricity resistance, unbreathing,
petrification resistance, rot immunity, AC +5
a: Evoke Flight


You were on level 6 of the Dungeon.
You were hungry.

You visited 1 branch of the dungeon, and saw 6 of its levels.

You collected 468 gold pieces.
You spent 313 gold pieces at shops.

Inventory:

Hand Weapons
 a - a +0 flail (weapon)
Armour
 b - a +0 scale mail
 c - a +0 medium shield (worn)
 v - a +0 pair of gloves
 y - the +3 chain mail of the Storm King (worn) {rPois rC+ MR++ Stlth-}
   (You bought it in a shop on level 6 of the Dungeon)

   It protects you from cold.
   It protects you from poison.
   It affects your resistance to hostile enchantments.
   It makes you less stealthy.
Jewellery
 h - the cursed ring of Moddul (left hand) {MR++ MP-9 Stlth--}
   (You found it on level 4 of the Dungeon)

   [ring of attention]

   It affects your resistance to hostile enchantments.
   It affects your magic capacity (-9).
   It makes you much less stealthy.
   It has a curse placed upon it.
 j - the ring of Wariness (right hand) {+Fly Str+4}
   (You found it on level 2 of the Dungeon)

   [ring of flight]

   It affects your strength (+4).
   It lets you fly.
 u - an uncursed ring of resist corrosion {unknown}
 A - an uncursed ring of magical power {unknown}
 D - an uncursed amulet of the acrobat {unknown}
Wands
 l - a wand of digging (7)
 C - a wand of iceblast (8)
Scrolls
 f - a scroll of enchant armour {unknown}
 g - 6 scrolls of identify
 i - 2 scrolls of enchant weapon {unknown}
 k - a scroll of noise {unknown}
 n - 3 scrolls of teleportation
 o - 2 scrolls of amnesia
 p - 2 scrolls of fear
 w - a scroll of magic mapping {unknown}
Potions
 d - a potion of might
 m - a potion of heal wounds
 q - a potion of haste {unknown}
 r - a potion of lignification {unknown}
 s - a potion of resistance {unknown}
 t - 3 potions of curing {unknown}
 x - 4 potions of degeneration {unknown}
 z - a potion of invisibility {unknown}
 B - a potion of brilliance {unknown}
Comestibles
 e - 6 rations {!d}


   Skills:
 - Level 4.7 Fighting
 * Level 5.9 Maces & Flails
 + Level 5.9 Armour
 + Level 5.9 Shields


You had 7 spell levels left.
You didn't know any spells.
Your spell library was empty.

Dungeon Overview and Level Annotations

Branches:
Dungeon (6/12)
 Temple: D:4-7

Altars:
Fedhas

Shops:
D:6 [


Innate Abilities, Weirdness & Mutations

You are resistant to torment.
Your stone body is resilient. (AC +5)
You are immune to poison.
You resist negative energy. (rN+)
You are resistant to electric shocks. (rElec)
You can survive without breathing.
You are immune to petrification.
You are immune to rotting.


Message History

The mass of ice explodes!
The iceblast engulfs the orc warrior!
The orc warrior is heavily wounded.
The iceblast engulfs the orc.
You kill the orc!
An orc wizard comes into view. It is wielding a +0 dagger.
The orc warrior hits you from afar with a +0 glaive.
* * * LOW HITPOINT WARNING * * *
There's nothing to close nearby.
Evoke which item? (* to show all) (? for menu, Esc to quit)
Aiming: Iceblast
Press: ? - help, Shift-Dir - straight line, f/p - orc warrior
Aim: an orc warrior, wielding a +0 glaive and wearing a cursed +0 plate armour (heavily wounded)
The mass of ice explodes!
The iceblast engulfs the orc warrior but does no damage.
The orc warrior is heavily wounded.
The orc wizard shouts!
The orc wizard casts a spell.
The orc wizard seems to speed up.
The orc warrior hits you from afar with a +0 glaive!
You die...

.......## #................
#
........###...............#
##
#........##..............##
.##
#.......##................
..#
###..§...######.o........#
..## #####)..#
###..######### ...#
##o.###...## # ...##
#......### # ....##
##@...## #### # #....#
#...## ##..# # ###.##
##..## ##...## ### #...#
##.....## #..## #..^....#
#..# #.......# ##.##
#........ #..# #........
###..# #........


You could see an orc warrior and an orc wizard.

Vanquished Creatures
  An ice beast (D:5)
  A phantom (D:4)
  A bullfrog (D:6)
  A howler monkey (D:4)
  2 crimson imps
  3 hounds
  2 orc priests
  3 orc wizards
  An iguana (D:6)
  5 worker ants
  7 adders
  4 oozes
  An adder skeleton (D:3)
  A worm (D:3)
  A dart slug (D:3)
  2 leopard geckos
  20 orcs
  8 bats
  3 giant cockroaches
  7 goblins
  4 hobgoblins
  8 jackals
  7 kobolds
  2 quokkas
  3 frilled lizards
  A jackal skeleton (D:6)
  A jackal zombie (D:3)
  9 rats
109 creatures vanquished.

Notes
Turn   | Place    | Note
-------+----------+-------------------------------------------
     0 | D:1      | Faustar the Gargoyle Fighter began the quest for the Orb.
     0 | D:1      | Reached XP level 1. HP: 14/14 MP: 1/1
   138 | D:1      | Reached XP level 2. HP: 19/19 MP: 2/2
   353 | D:1      | Reached XP level 3. HP: 24/24 MP: 3/3
  1341 | D:2      | Got a faintly glowing tin ring
  1570 | D:3      | Reached XP level 4. HP: 24/29 MP: 4/4
  1935 | D:3      | Reached XP level 5. HP: 26/33 MP: 5/5
  2475 | D:4      | Reached XP level 6. HP: 37/39 MP: 6/6
  3052 | D:4      | Noticed a phantom
  3237 | D:4      | Killed a phantom
  3237 | D:4      | Reached skill level 5 in Armour
  3237 | D:4      | Reached skill level 5 in Shields
  3237 | D:4      | Reached XP level 7. HP: 28/44 MP: 7/7
  3292 | D:4      | Got a pitted golden ring
  3293 | D:4      | Identified the cursed ring of Moddul {MR++ MP-9 Stlth--}
                  | (You found it on level 4 of the Dungeon)
  3294 | D:4      | Identified the ring of Wariness {+Fly Str+4} (You found it
                  | on level 2 of the Dungeon)
  3851 | D:5      | Entered Level 5 of the Dungeon
  3952 | D:5      | Found a blossoming altar of Fedhas.
  4308 | D:5      | Reached skill level 5 in Maces & Flails
  4857 | D:6      | Found Irithit's Antique Armour Emporium.
  4865 | D:6      | Bought a masterwork chain mail for 313 gold pieces
  4875 | D:6      | Identified the +3 chain mail of the Storm King {rPois rC+
                  | MR++ Stlth-} (You bought it in a shop on level 6 of the
                  | Dungeon)
  5081 | D:6      | Reached XP level 8. HP: 40/48 MP: 0/8
  5587 | D:6      | Slain by an orc warrior

Skill      XL: |  1  2  3  4  5  6  7 |
---------------+----------------------+-----
Armour         | 4 5 |  5.9
Fighting       | 4 |  4.7
Shields        | 4 5 |  5.9
Maces & Flails | 3 4 5 |  5.9

Action                   |  1- 3 |  4- 6 |  7- 9 || total
-------------------------+-------+-------+-------++-------
Melee: Flail             |   167 |   317 |   169 ||   653
Evoke: Wand              |       |       |     2 ||     2
  Use: Scroll            |       |     5 |       ||     5
       Potion            |       |     2 |       ||     2
  Eat: Chunk             |     7 |    17 |    10 ||    34
       Ration            |       |       |     1 ||     1
Armor: Scale mail        |   114 |   182 |    91 ||   387
       Chain mail        |       |       |    16 ||    16
Dodge: Dodged            |    52 |    72 |    42 ||   166
Block: Medium shield     |   116 |   160 |   126 ||   402
